 Dungeon Crawl Stone Soup version 0.30-a0-799-g109b55a442 (webtiles) character file.

Game seed: 9705935987764216535

102 jimonade the Chopper (level 4, 0/40 HPs)
             Began as a Hill Orc Fighter on Feb 20, 2023.
             Slain by Grinder (3 damage)
             ... on level 2 of the Dungeon.
             The game lasted 00:03:20 (1225 turns).

jimonade the Chopper (Hill Orc Fighter)             Turns: 1225, Time: 00:03:21

Health: 0/40       AC:  9    Str: 18    XL:     4   Next: 78%
Magic:  0/4        EV:  6    Int: 10    God:
Gold:   69         SH:  5    Dex: 16    Spells: 3/3 levels left

rFire   . . .      SeeInvis .    a - +0 war axe
rCold   . . .      Faith    .    c - +0 buckler
rNeg    . . .      Spirit   +    k - +0 chain mail
rPois   .          Reflect  .    (no helmet)
rElec   .          Harm     .    (no cloak)
rCorr   .          Rampage  .    (no gloves)
Will    +....                    (no boots) Stlth
                                 o - amulet of guardian spirit
HPRegen 0.26/turn                q - ring of willpower
MPRegen 0.09/turn                r - +6 ring of dexterity

@: no status effects
A: no striking features
a: no special abilities


You were on level 2 of the Dungeon.
You visited 1 branch of the dungeon, and saw 3 of its levels.

You collected 69 gold pieces.

Inventory:

Hand Weapons
 a - a +0 war axe (weapon)
 g - a +0 sling
 h - a +0 hand axe
Missiles
 m - 49 stones (quivered)
Armour
 b - a +0 scale mail
 c - a +0 buckler (worn)
 k - a +0 chain mail (worn)
 n - a +0 ring mail
Jewellery
 o - an amulet of guardian spirit (around neck)
 q - a ring of willpower (left hand)
 r - a +6 ring of dexterity (right hand)
Scrolls
 f - 5 scrolls of identify {unknown}
 j - 2 scrolls of fear {unknown}
 p - a scroll of immolation {unknown}
 t - a scroll of noise {unknown}
Potions
 d - a potion of might
 e - 2 potions of heal wounds {unknown}
 i - 3 potions of curing {unknown}
 l - a potion of degeneration {unknown}
 s - a potion of invisibility {unknown}


   Skills:
 + Level 4.1 Fighting
 * Level 5.4 Axes
 + Level 3.6 Armour
 + Level 3.5 Shields


You had 3 spell levels left.
You didn't know any spells.
Your spell library was empty.

Dungeon Overview and Level Annotations

Branches:
Dungeon (3/15)

Altars:
Wu Jian

Annotations:
D:2 Grinder


Message History

You see here a +0 pair of gloves.
There is a stone staircase leading up here.
Grinder hits you.
You writhe in agony.
You climb upwards.
There is a stone staircase leading down here.
You hit Grinder.
Grinder is lightly wounded.
Grinder hits you but does no damage.
You slash Grinder!
Grinder is moderately wounded.
You block Grinder's attack.
You hit Grinder.
Grinder is heavily wounded.
Grinder hits you.
You writhe in agony.
You hit Grinder but do no damage.
Grinder is heavily wounded.
Grinder hits you but does no damage.
You barely miss Grinder.
Grinder is heavily wounded.
Grinder closely misses you. Grinder hits you.
You writhe in agony.
You closely miss Grinder.
Grinder is heavily wounded.
Grinder says, "There's only one good use for a tongue: cutting it out."
Grinder gestures at you.
You suddenly lose the ability to move!
Grinder hits you.
You writhe in agony.
* * * LOW HITPOINT WARNING * * *
You can move again.
You closely miss Grinder.
Grinder is moderately wounded.
Grinder hits you but does no damage.
You closely miss Grinder.
Grinder is moderately wounded.
Grinder barely misses you.
You closely miss Grinder.
Grinder is moderately wounded.
Grinder hits you!
* * * LOW HITPOINT WARNING * * *
You writhe in agony.
You die...

#####.#.#############........
########...##...^...............
##.............##########........
...########.########## #......>.
#### #..# #....# #........ #..#
#....# #######.# ##>## #....# #.#
############..###....# #.#
..........##....@....# #.#
..........##....5....### #.#
..........##....###....# #.#
..........##.#.## ##.#.########.#
....######...#..## #............#
#.### ###.####..# ###..........#
#.# #...# ##.## #..........#
..######.### #..# ##....>....#
.##....#.# ##.### #.........#


You could see Grinder.

Vanquished Creatures
  An orc priest (D:2)
  An adder (D:2)
  2 worms (D:2)
  3 orcs (D:2)
  4 ball pythons
  6 bats
  5 endoplasms
  4 giant cockroaches
  2 hobgoblins (D:1)
  2 jackals (D:1)
  A quokka (D:1)
  5 frilled lizards
  2 goblins
  11 kobolds
  A rat (D:1)
50 creatures vanquished.

Notes
Turn   | Place    | Note
-------+----------+-------------------------------------------
     0 | D:1      | jimonade the Hill Orc Fighter began the quest for the Orb.
     0 | D:1      | Reached XP level 1. HP: 19/19 MP: 1/1
    63 | D:1      | Reached skill level 3 in Axes
    63 | D:1      | Reached XP level 2. HP: 24/27 MP: 2/2
   190 | D:1      | Reached XP level 3. HP: 33/33 MP: 3/3
   289 | D:1      | Reached skill level 4 in Axes
   544 | D:2      | Reached skill level 5 in Axes
   544 | D:2      | Reached XP level 4. HP: 8/40 MP: 4/4
   888 | D:2      | Found an ornate altar of the Wu Jian Council.
   890 | D:2      | Identified the +0 barding of Fitaly {rElec MP+9}
  1181 | D:2      | Found a faded altar of an unknown god.
  1209 | D:3      | Noticed Grinder
  1221 | D:2      | Paralysed by Grinder for 2 turns
  1225 | D:2      | Slain by Grinder

Illustrated notes

Levels and vault maps discovered:
D:1:      dpeg_arrival_more_subterranean_lakeside_camping, layout_rooms
D:2:      layout_rooms, ebering_ecumenical_altar_abandoned, basic_altar
D:3:      layout_loops_ring, hangedman_decor_growths, uniq_grinder

Skill      XL: |  1  2  3 |
---------------+----------+-----
Axes           | 3 5 |  5.4
Fighting       | 4 |  4.1
Armour         | |  3.6
Shields        | |  3.5

Action                     |  1- 3 |  4- 6 || total
---------------------------+-------+-------++-------
  Melee: War axe           |    83 |    54 ||   137
 Armour: Scale mail        |    18 |       ||    18
         Chain mail        |    38 |    21 ||    59
  Dodge: Dodged            |    42 |    17 ||    59
  Block: Buckler           |    22 |    11 ||    33

Table legend: (Time is in decaauts)
 A = Elapsed time spent in this place.
 B = Non-inter-level travel time spent in this place.
 C = Inter-level travel time spent in this place.
 D = Time resting spent in this place.
 E = Time spent auto-exploring this place.
 F = Levels seen in this place.
 G = Mean time per level.
                   A        B        C        D        E       F      G
               +--------+--------+--------+--------+--------+-----+--------+
         Total |   1268 |   1185 |     83 |      0 |    810 |   3 |  422.7 |
       Dungeon |   1268 |   1185 |     83 |      0 |    810 |   3 |  422.7 |
               +--------+--------+--------+--------+--------+-----+--------+

Top non-repeatable levels by time:
     D:2: 708 daAuts
     D:1: 554 daAuts
     D:3: 5 daAuts
